 Dungeon Crawl Stone Soup version 0.25.1-8-g42b30a86e7 (webtiles) character file.

Game seed: 13291815000402326031

20 Mattiprrivan the Chiller (level 2, -2/22 HPs)
             Began as a Naga Ice Elementalist on Dec 28, 2020.
             Slain by a rat (3 damage)
             ... on level 2 of the Dungeon.
             The game lasted 00:11:43 (1374 turns).

Mattiprrivan the Chiller (Naga Ice Elementalist)    Turns: 1374, Time: 00:11:44

Health: -2/22      AC:  1    Str:  7 (10) XL:     2   Next: 79%
Magic:  3/5        EV: 10    Int: 10 (15) God:
Gold:   77         SH:  0    Dex:  8 (11) Spells: 4/5 levels left

rFire    . . .     SeeInvis +   g - +0 mace
rCold    . . .     Gourm    .   (no shield)
rNeg     . . .     Faith    .   a - +0 robe
rPois    +         Spirit   .   (no helmet)
rElec    .         Reflect  .   (no cloak)
rCorr    +         Harm     .   (no gloves)
MR       .....                  (no barding)
Stlth    ++........             (no amulet)
HPRegen  0.07/turn              i - ring of resist corrosion
MPRegen  0.09/turn              (no ring)

@: very slow
A: large, stinger 1, see invisible, deformed body, deterioration 1, high mp 1,
poison resistance, slowness 2, slow metabolism 1, spit poison 1, AC +0
a: Spit Poison


You were on level 2 of the Dungeon.
You were full.

You visited 1 branch of the dungeon, and saw 2 of its levels.

You collected 77 gold pieces.

Inventory:

Hand Weapons
 c - a +0 dagger
 g - a +0 mace (weapon)
Missiles
 b - 8 curare-tipped darts (quivered)
 k - 11 poisoned darts
Armour
 a - a +0 robe (worn)
Jewellery
 i - a ring of resist corrosion (left hand)
Scrolls
 d - a scroll of immolation
 f - a scroll of remove curse
 j - a scroll of identify
Potions
 e - 2 potions of cancellation
 h - a potion of lignification


   Skills:
 * Level 0.1 Short Blades
 * Level 0.2 Maces & Flails
 * Level 0.2 Throwing
 * Level 0.4 Armour
 * Level 1.7 Dodging
 * Level 3.1 Stealth
 * Level 0.2 Unarmed Combat
 * Level 2.0 Spellcasting
 * Level 4.2 Ice Magic


You had 4 spell levels left.
You knew the following spells:

 Your Spells              Type           Power        Failure   Level  Hunger
a - Freeze                Ice            #...         5%          1    ##.....

Your spell library contained the following spells:

 Spells                   Type           Power        Failure   Level  Hunger
 Frozen Ramparts          Ice            #.....       16%         3    ####...
 Ozocubu's Armour         Chrm/Ice       #.......     36%         3    ####...
 Hailstorm                Conj/Ice       #.......     78%         4    #####..
 Summon Ice Beast         Ice/Summ       #.......     78%         4    #####..


Dungeon Overview and Level Annotations

Branches:
Dungeon (2/15)

Altars:


Innate Abilities, Weirdness & Mutations

You cannot wear boots.
Your serpentine skin is tough. (AC +0)
You have supernaturally acute eyesight. (SInv)
Armour fits poorly on your strangely shaped body.
Your system is resistant to poisons. (rPois)
You cover ground very slowly.
You have a slow metabolism.
You can spit poison.
Your tail ends in a poisonous barb.
Your body sometimes deteriorates upon taking damage.
You have an increased reservoir of magic. (+10% MP)


Message History

You barely miss the rat. The rat bites you.
You hit the rat but do no damage.
Your tail-slap misses the rat.
The rat bites you.
* * * LOW HITPOINT WARNING * * *
You hit the rat.
The rat is moderately wounded.
The rat bites you.
* * * LOW HITPOINT WARNING * * *
Your body deteriorates!
You feel clumsy. The rat bites you.
* * * LOW HITPOINT WARNING * * *
Casting: Freeze (safe; 5% risk of failure)
Confirm with . or Enter, or press ? or * to list all spells.
Aiming: Freeze (safe; 5% risk of failure)
Press: ? - help, Shift-Dir - straight line, f - rat
Aim: a rat (moderately wounded)
You freeze the rat.
The rat is severely wounded.
The rat bites you.
You die...

..........##
..............##
................#
................#
?...............#
................#
........(.......#
................#
..$.......r@...##
.......<....†.##
.........)...##
........####.#######
.##.....# #.......#
##...## #######.#
###. ##


You could see a rat.

Vanquished Creatures
  A leopard gecko (D:1)
  A giant cockroach (D:2)
  5 hobgoblins (D:1)
  2 jackals (D:1)
  2 bats (D:1)
  2 frilled lizards (D:1)
  2 kobolds
  2 rats
17 creatures vanquished.

Vanquished Creatures (others)
  4 toadstools (D:1)
4 creatures vanquished.

Grand Total: 21 creatures vanquished

Notes
Turn   | Place    | Note
-------+----------+-------------------------------------------
     0 | D:1      | Mattiprrivan the Naga Ice Elementalist began the quest for
                  | the Orb.
     0 | D:1      | Reached XP level 1. HP: 15/15 MP: 3/3
   159 | D:1      | Reached XP level 2. HP: 9/22 MP: 0/5
   591 | D:1      | Gained mutation: Your tail ends in a poisonous barb.
                  | [potion of mutation]
   591 | D:1      | Gained mutation: Your body sometimes deteriorates upon
                  | taking damage. [potion of mutation]
   591 | D:1      | Gained mutation: You have an increased reservoir of magic.
                  | (+10% MP) [potion of mutation]
  1373 | D:2      | HP: 1/22 [rat (2)]
  1374 | D:2      | Slain by a rat

Illustrated notes

Levels and vault maps discovered:
D:1:      ldierk_water_garden, layout_loops_ring, nrook_campfire,
          minmay_misc_feat_diagonals
D:2:      layout_rooms, grunt_qazlal_clouds

Action                   || total
-------------------------++-------
Melee: Club              ||    19
       Mace              ||    18
       Tailslap          ||     1
 Cast: Freeze            ||    14
 Abil: Spit Poison       ||     2
  Use: Potion            ||     4
       Scroll            ||     4
 Stab: Sleeping          ||     2
  Eat: Ration            ||     2
Armor: Robe              ||     7
Dodge: Dodged            ||    18
